 Dungeon Crawl Stone Soup version 0.28.0 (webtiles) character file.

Game seed: 9408062843615518103

41 themarg the Caller (level 3, -2/25 HPs)
             Began as a Merfolk Summoner on Feb 10, 2022.
             Slain by an adder (4 damage)
             ... on level 2 of the Dungeon.
             The game lasted 00:08:22 (2172 turns).

themarg the Caller (Merfolk Summoner)               Turns: 2172, Time: 00:08:23

Health: -2/25      AC:  2    Str:  8    XL:     3   Next: 52%
Magic:  3/6        EV: 13    Int: 16    God:
Gold:   81         SH:  0    Dex: 14    Spells: 3/7 levels left

rFire   . . .      SeeInvis +   d - +4 dagger
rCold   . . .      Faith    .   (no shield)
rNeg    . . .      Spirit   .   a - +0 robe
rPois   .          Reflect  .   (no helmet)
rElec   .          Harm     .   (no cloak)
rCorr   .          Rampage  .   (no gloves)
Will    .....                   (no boots)
Stlth   ++........              (no amulet)
HPRegen 0.08/turn               h - ring of see invisible
MPRegen 0.10/turn               (no ring)

@: lethally poisoned (-2 -> -3)
A: (nimble swimmer 2), mertail
a: no special abilities


You were on level 2 of the Dungeon.
You visited 1 branch of the dungeon, and saw 2 of its levels.

You collected 81 gold pieces.

Inventory:

Hand Weapons
 c - a +0 dagger
 d - a +4 dagger (weapon)
 e - a +0 short sword
Missiles
 b - 33 stones (quivered)
 g - a throwing net
Armour
 a - a +0 robe (worn)
Jewellery
 h - a ring of see invisible (left hand)
Scrolls
 f - a scroll of fog {unknown}
 i - a scroll of noise {unknown}


   Skills:
 + Level 0.4 Fighting
 + Level 0.2 Short Blades
 + Level 0.1 Throwing
 + Level 3.1 Dodging
 + Level 2.5 Stealth
 + Level 0.3 Unarmed Combat
 + Level 2.5 Spellcasting
 + Level 4.3 Summonings


You had 3 spell levels left.
You knew the following spells:

 Your Spells              Type           Power      Damage    Failure   Level
a - Summon Small Mammal   Summ           64%        N/A       3%          1
b - Call Canine Familiar  Summ           16%        N/A       10%         3

Your spell library contained the following spells:

 Spells                   Type           Power      Damage    Failure   Level
 Call Imp                 Summ           16%        N/A       4%          2
 Summon Guardian Golem    Hex/Summ       9%         N/A       24%         3
 Summon Lightning Spire   Summ/Air       9%         N/A       63%         4


Dungeon Overview and Level Annotations

Branches:
Dungeon (2/15)

Altars:


Innate Abilities, Weirdness & Mutations

((You are very nimble when in or above water. (Stealth+, EV+, Speed+++)))
Your lower body shifts to a powerful aquatic tail in water.


Message History

You barely miss the adder. The adder bites you.
You barely miss the adder. The adder bites you. x2
Casting: Summon Small Mammal (safe; 3% risk of failure)
Confirm with . or Enter, or press ? or * to list all spells.
You miscast Summon Small Mammal.
You are very lightly contaminated with residual magic.
Nothing appears to happen.
The adder bites you but does no damage.
Casting: Summon Small Mammal (safe; 3% risk of failure)
Confirm with . or Enter, or press ? or * to list all spells.
The adder bites you.
Unknown command.
You miss the adder. The adder closely misses you.
Your rat bites the adder.
You hit the adder. Your punch misses the adder.
The adder is moderately wounded.
The adder bites you. The adder bites you but does no damage.
Your rat misses the adder. You closely miss the adder.
The adder is moderately wounded.
The adder bites you.
You are poisoned.
The adder poisons you!
Your rat bites the adder.
You hit the adder.
The adder is heavily wounded.
You feel sick. The adder bites you.
* * * LOW HITPOINT WARNING * * *
Your rat closely misses the adder.
* * * LOW HITPOINT WARNING * * *
You feel sick. The adder barely misses you.
Your magical contamination has completely faded away.
You hit the adder.
The adder is severely wounded.
* * * LOW HITPOINT WARNING * * *
You feel sick. The adder closely misses you.
Casting: Summon Small Mammal (safe; 3% risk of failure)
Confirm with . or Enter, or press ? or * to list all spells.
* * * LOW HITPOINT WARNING * * *
You feel sick.
Your rat bites the adder but does no damage.
The adder bites you.
You die...

#.#.# #.#.#
#.#.# ##.#<#
##.#..###
#.#.....# ###
#.#######
#.....#.###..
#....rS.#
#.#.#.......#
#######@#
#.<..........
#.#
###.......###
#r# #########
#.# #.# #.#
#############
.#. #.#
#............
?=# #.#
#.##########.
..# #.# #.#
##..


You could see an adder (ally target) and 2 friendly rats.

Vanquished Creatures
  2 bats (D:1)
  2 endoplasms (D:1)
  2 giant cockroaches
  A goblin (D:1)
  3 kobolds (D:1)
  2 quokkas (D:2)
  2 ball pythons
  3 frilled lizards (D:1)
  4 rats
21 creatures vanquished.

Vanquished Creatures (collateral kills)
  A worm (D:2)
  A dart slug (D:1)
  A ball python (D:2)
  An endoplasm (D:2)
  2 giant cockroaches (D:1)
  A goblin (D:1)
  4 bats (D:1)
  2 kobolds (D:1)
  A rat (D:1)
14 creatures vanquished.

Grand Total: 35 creatures vanquished

Notes
Turn   | Place    | Note
-------+----------+-------------------------------------------
     0 | D:1      | themarg the Merfolk Summoner began the quest for the Orb.
     0 | D:1      | Reached XP level 1. HP: 13/13 MP: 3/3
   302 | D:1      | Reached XP level 2. HP: 19/19 MP: 1/5
  1313 | D:1      | Reached XP level 3. HP: 22/24 MP: 4/6
  1655 | D:1      | You fall into a shaft and drop 1 floor!
  1819 | D:2      | Learned a level 3 spell: Call Canine Familiar
  2172 | D:2      | Slain by an adder

Illustrated notes

Levels and vault maps discovered:
D:1:      wander_arrival_estate, layout_basic
D:2:      layout_loops_ring

Skill      XL: |  1  2 |
---------------+-------+-----
Dodging        | 3 |  3.1
Fighting       | |  0.4
Short Blades   | |  0.2
Throwing       | |  0.1
Stealth        | |  2.5
Unarmed Combat | |  0.3
Spellcasting   | |  2.5
Summonings     | |  4.3

Action                   || total
-------------------------++-------
Melee: Unarmed           ||    19
       Dagger            ||    67
       Punch             ||     2
Throw: Stone             ||     5
 Cast: Summon Small Mamm ||    28
 Stab: Distracted        ||     1
       Sleeping          ||     4
Armor: Robe              ||    15
Dodge: Dodged            ||    84
